 Dungeon Crawl Stone Soup version 0.31-a0-232-gb1c03b2570 (webtiles) character file.

Game seed: 1384442322957063598

2775 funkygono the Cleaver (level 9, -1/77 HPs)
             Began as a Minotaur Fighter on July 7, 2023.
             Was an Initiate of Okawaru.
             Killed by divine providence
             ... invoked by an orc priest
              (11 damage)
             ... on level 8 of the Dungeon.
             The game lasted 00:11:22 (5836 turns).

funkygono the Cleaver (Minotaur Fighter)            Turns: 5836, Time: 00:11:23

Health: -1/77      AC: 25    Str: 22    XL:     9   Next: 42%
Magic:  8/8        EV:  7    Int:  5    God:    Okawaru [......]
Gold:   533        SH:  5    Dex: 10    Spells: 8/8 levels left

rFire   + . .        n - +5 hand axe of Trauma {protect, rElec rF+ rC+++ Str-3}
rCold   + + +        c - +0 buckler
rNeg    . . .        w - +0 plate armour
rPois   .            (helmet restricted)
rElec   +            q - +1 cloak
rCorr   .            g - +1 pair of gloves
SInv    .            (no boots)
Will    .....        z - amulet of the acrobat Stlth
                     (no ring)
HPRegen 0.32/turn    (no ring)
MPRegen 0.11/turn

%: acrobat
@: lethally poisoned (-1 -> -3), under a protective aura, slowed, very slow
A: horns 2, retaliatory headbutt
a: Renounce Religion


You were on level 8 of the Dungeon.
You worshipped Okawaru.
Okawaru was noncommittal.
You visited 1 branch of the dungeon, and saw 8 of its levels.

You collected 533 gold pieces.

Inventory:

Hand Weapons
 a - a +1 war axe
 n - the +5 hand axe of Trauma (weapon) {protect, rElec rF+ rC+++ Str-3}
   (You found it on level 2 of the Dungeon)

   Str:       It affects your strength (-3).
   rF:        It protects you from fire.
   rC:        It renders you almost immune to cold.
   rElec:     It insulates you from electricity.
Missiles
 f - 32 stones
 k - 13 boomerangs (quivered)
 r - 16 poisoned darts
Armour
 c - a +0 buckler (worn)
 g - a +1 pair of gloves (worn)
 q - a +1 cloak (worn)
 w - a +0 plate armour (worn)
Jewellery
 z - an amulet of the acrobat (around neck)
Wands
 e - a wand of paralysis (23)
 o - a wand of flame (20)
 p - a wand of polymorph (14)
Scrolls
 s - 7 scrolls of teleportation
Potions
 b - a potion of invisibility
 d - 2 potions of might
 h - 2 potions of enlightenment
 i - 2 potions of attraction
 j - 3 potions of heal wounds
 l - a potion of curing {unknown}
 m - a potion of lignification
 t - a potion of berserk rage {unknown}
 u - 2 potions of magic
 v - a potion of resistance {unknown}
 x - a potion of haste {unknown}


   Skills:
 + Level 6.3 Fighting
 + Level 10.9 Axes
 + Level 3.5 Throwing
 + Level 8.5 Armour
 + Level 1.5 Dodging
 + Level 0.5 Stealth
 + Level 5.2 Shields


You had 8 spell levels left.
You didn't know any spells.
Your spell library contained the following spells:

 Spells                   Type           Power      Damage    Failure   Level
 Beastly Appendage        Tmut           0%         N/A       100%        1
 Slow                     Hex            0%         N/A       100%        1
 Scorch                   Fire           0%         2d5       100%        2
 Sublimation of Blood     Necr           0%         N/A       100%        2
 Wereblood                Tmut           0%         N/A       100%        2
 Confusing Touch          Hex            0%         N/A       100%        3
 Inner Flame              Hex/Fire       0%         N/A       100%        3
 Spider Form              Tmut/Pois      0%         N/A       100%        3
 Vampiric Draining        Necr           0%         2d6       100%        3
 Petrify                  Tmut/Erth      0%         N/A       100%        4
 Sticky Flame             Conj/Fire      0%         2d3       100%        4
 Irradiate                Conj/Tmut      0%         3d11      100%        5
 Yara's Violent Unravell  Hex/Tmut       0%         3d3       100%        5
 Plasma Beam              Fire/Air       0%         2x1d10    100%        6
 Enfeeble                 Hex            0%         N/A       100%        7
 Ignition                 Fire           0%         3d3       100%        8
 Summon Ice Beast         Ice/Summ       Unusable   N/A       N/A         4
 Summon Mana Viper        Hex/Summ       Unusable   N/A       N/A         5
 Monstrous Menagerie      Summ           Unusable   N/A       N/A         7

Dungeon Overview and Level Annotations

Branches:
Dungeon (8/15)             Temple (0/1) D:4
   Lair: D:8-11

Altars:
Hepliaklqana
Kikubaaqudgha
Nemelex Xobeh
Okawaru
Sif Muna

Portals:
Abyss: D:6

Annotations:
D:6 2 transporters, NigelTetley's ghost, amateur FoFi
D:8 Prince Ribbit


Innate Abilities, Weirdness & Mutations

You have a pair of horns on your head.
You reflexively headbutt those who attack you in melee.


Message History

The kobold brigand throws a curare-tipped dart.
The curare-tipped dart hits you.
You are poisoned.
You have difficulty breathing.
You feel yourself slow down.
An orc comes into view.
It is wielding a +1 morningstar of protection.
Prince Ribbit blinks!
You feel very sick.
Prince Ribbit blinks!
The orc priest barely misses you.
You see here a +0 short sword.
You barely miss the orc.
You feel sick.
The orc shouts!
The orc priest calls down the wrath of Beogh upon you.
Beogh smites you!
The orc priest begins to cast a cantrip, but forgets the words!
You feel very sick.
The orc priest looks encouraged for a moment.
The orc misses you. The orc completely misses you.
The orc priest invokes the aid of Beogh against you.
Beogh smites you!
You slash the orc priest!
The orc priest is heavily wounded.
You slash the orc!
You kill the orc!
Okawaru accepts your kill.
You hit the kobold brigand. You slash the orc!
You kill the orc!
Okawaru accepts your kill.
You feel sick.
The kobold brigand hits you with a +0 short sword.
* * * LOW HITPOINT WARNING * * *
The orc priest mumbles some strange prayers to Beogh against you.
Beogh smites you!
* * * LOW HITPOINT WARNING * * *
You hit the orc priest. Your headbutt misses the orc priest.
The orc priest is almost dead.
You slash the kobold brigand!
You feel sick. You block the kobold brigand's attack.
The orc priest calls down the wrath of Beogh upon you.
Beogh smites you!
You die...

#...)...#
##..)....#####
##...)##.....##
##..).###.......
##....##
#.....#. .
##....##
#....... #..
##....##
#........
#...#K.).##
#........
#.F.)@)##
#........
.....o.o##
#........
....!..##
#........
....o.. ....
....... ....
....... #...
....... .......


You could see Prince Ribbit, a kobold brigand, 2 orc priests and an orc.

Vanquished Creatures
  Grinder (D:6)
  Sigmund (D:2)
  Menkaure (D:7)
  A steam dragon (D:7)
  2 sky beasts (D:7)
  4 ogres
  A centaur (D:7)
  2 phantoms
  2 bullfrogs
  2 kobold brigands
  3 scorpions (D:6)
  5 wights (D:8)
  2 howler monkeys
  7 hounds
  A jelly (D:6)
  A sleepcap (D:6)
  Jessica (D:2)
  An iguana (D:4)
  4 orc wizards
  7 adders
  2 white imps (D:6)
  4 worms
  5 dart slugs
  28 orcs
  8 ball pythons
  12 endoplasms
  2 giant cockroaches
  7 goblins
  8 hobgoblins
  6 jackals
  7 quokkas
  6 bats
  3 frilled lizards
  25 kobolds
  13 rats
185 creatures vanquished.

Notes
Turn   | Place    | Note
-------+----------+-------------------------------------------
     0 | D:1      | funkygono the Minotaur Fighter began the quest for the Orb.
     0 | D:1      | Reached XP level 1. HP: 19/19 MP: 0/0
    94 | D:1      | Reached XP level 2. HP: 27/27 MP: 1/1
   403 | D:1      | Reached XP level 3. HP: 29/33 MP: 2/2
   588 | D:2      | Noticed Jessica
   599 | D:2      | Killed Jessica
   600 | D:2      | Reached skill level 3 in Axes
   616 | D:2      | Noticed Sigmund
   626 | D:2      | Killed Sigmund
   627 | D:2      | Reached skill level 4 in Axes
   627 | D:2      | Reached skill level 1 in Throwing
   627 | D:2      | Reached XP level 4. HP: 13/41 MP: 3/3
   627 | D:2      | Reached XP level 5. HP: 15/47 MP: 4/4
   824 | D:2      | Identified the +5 hand axe of Trauma {protect, rElec rF+
                  | rC+++ Str-3}
  1331 | D:3      | Reached XP level 6. HP: 53/53 MP: 5/5
  1382 | D:3      | Reached skill level 5 in Axes
  1576 | D:3      | Reached skill level 1 in Dodging
  1675 | D:3      | Found a faded altar of an unknown god.
  1813 | D:3      | Identified the +3 dagger "Demon's Bane" {heavy, Dex+3}
  2238 | D:4      | Reached skill level 5 in Armour
  2383 | D:4      | Found a staircase to the Ecumenical Temple.
  2577 | D:4      | Found a shimmering blue altar of Sif Muna.
  2586 | D:4      | Reached skill level 6 in Axes
  2730 | D:5      | Entered Level 5 of the Dungeon
  2740 | D:5      | Reached XP level 7. HP: 60/60 MP: 6/6
  3042 | D:5      | Reached skill level 5 in Fighting
  3566 | D:6      | Noticed Grinder
  3585 | D:6      | Killed Grinder
  3586 | D:6      | Reached skill level 7 in Axes
  3641 | D:6      | Reached XP level 8. HP: 68/68 MP: 7/7
  3644 | D:6      | Reached skill level 8 in Axes
  3710 | D:6      | Found a transporter.
  4014 | D:6      | Found a transporter.
  4033 | D:6      | Reached skill level 9 in Axes
  4068 | D:6      | Reached skill level 5 in Shields
  4143 | D:6      | Noticed an ancient zyme
  4146 | D:6      | Noticed a toenail golem
  4314 | D:6      | Found a one-way gate to the infinite horrors of the Abyss.
  4324 | D:6      | Noticed NigelTetley's ghost (amateur FoFi)
  4572 | D:7      | Found a hazy altar of Hepliaklqana.
  4607 | D:7      | Noticed Menkaure
  4620 | D:7      | Killed Menkaure
  4824 | D:7      | Reached XP level 9. HP: 66/75 MP: 8/8
  4931 | D:7      | Reached skill level 10 in Axes
  5009 | D:7      | Found an iron altar of Okawaru.
  5013 | D:7      | Became a worshipper of Warmaster Okawaru
  5017 | D:7      | Found an ancient bone altar of Kikubaaqudgha.
  5022 | D:7      | Found a sparkling altar of Nemelex Xobeh.
  5247 | D:7      | Got the Compilation of the Galvanic Bonfire
  5645 | D:8      | Reached * piety under Okawaru
  5818 | D:8      | Noticed Prince Ribbit
  5836 | D:8      | Killed from afar by an orc priest

Illustrated notes

Levels and vault maps discovered:
D:1:      dpeg_arrival_simpleton_a, layout_rooms, minmay_misc_feat_five
D:2:      layout_rooms, grunt_ministairs_4, uniq_sigmund, uniq_jessica
D:3:      minmay_razor_zed, layout_loops_ring, hellmonk_ecumenical_altar_zigzags
D:4:      layout_rooms, old_standard_altar, temple_fountains, serial_curves,
          eino_curves_01, eino_curves_04, eino_curves_02
D:5:      layout_basic, st_stairs_12
D:6:      layout_basic, gammafunk_ghost_abyssal_escape, nicolae_sextant,
          skrybe_limestone_x, grunt_ministairs_8, uniq_grinder
D:7:      layout_basic, grunt_temple_overflow_diamond,
          mainiacjoe_overflow_brackets, minivault_10, uniq_menkaure
D:8:      layout_cave_pods, uniq_prince_ribbit1, uniq_amaemon

Skill      XL: |  1  2  3  4  5  6  7  8  9 |
---------------+----------------------------+-----
Shields        | 4 5 |  5.2
Fighting       | 4 5 6 |  6.3
Armour         | 4 5 6 7 8 |  8.5
Axes           | 4 6 7 9 10 | 10.9
Throwing       | 1 2 3 |  3.5
Dodging        | 1 |  1.5
Stealth        | |  0.5

Action                     |  1- 3 |  4- 6 |  7- 9 || total
---------------------------+-------+-------+-------++-------
  Melee: War axe           |    56 |    12 |       ||    68
         Headbutt          |     6 |    26 |    34 ||    66
         Hand axe          |       |   141 |   193 ||   334
  Throw: Stone             |    23 |    18 |       ||    41
         Boomerang         |     4 |       |    17 ||    21
 Invoke: Heroism           |       |       |     1 ||     1
    Use: Scroll            |       |     9 |     8 ||    17
 Armour: Scale mail        |    23 |    41 |       ||    64
         Plate armour      |       |    32 |   105 ||   137
  Dodge: Dodged            |    22 |    63 |    79 ||   164
  Block: Buckler           |    20 |    25 |    33 ||    78

Table legend: (Time is in decaauts)
 A = Elapsed time spent in this place.
 B = Non-inter-level travel time spent in this place.
 C = Inter-level travel time spent in this place.
 D = Time resting spent in this place.
 E = Time spent auto-exploring this place.
 F = Levels seen in this place.
 G = Mean time per level.
                   A        B        C        D        E       F      G
               +--------+--------+--------+--------+--------+-----+--------+
         Total |   5856 |   5703 |    153 |     11 |   4499 |   8 |  732.0 |
       Dungeon |   5856 |   5703 |    153 |     11 |   4499 |   8 |  732.0 |
               +--------+--------+--------+--------+--------+-----+--------+

Top non-repeatable levels by time:
     D:3: 1062 daAuts
     D:7: 1011 daAuts
     D:6: 979 daAuts
     D:5: 836 daAuts
     D:1: 589 daAuts
     D:4: 568 daAuts
     D:2: 548 daAuts
     D:8: 260 daAuts
